 Dungeon Crawl Stone Soup version 0.29-a0-334-gb41bcbb86e (webtiles) character file.

Game seed: 2026432458626295651

37719 zishaf the Warrior (level 13, -8/149 HPs)
             Began as an Ogre Earth Elementalist on Apr 16, 2022.
             Was an Initiate of Yredelemnul.
             Mangled by a death yak (24 damage)
             ... in a Gauntlet.
             The game lasted 01:08:45 (26771 turns).

zishaf the Warrior (Ogre Earth Elementalist)       Turns: 26771, Time: 01:08:47

Health: -8/149     AC:  9    Str: 15    XL:     13   Next: 98%
Magic:  2/37       EV:  9    Int: 22    God:    Yredelemnul [......]
Gold:   2077       SH:  0    Dex:  9    Spells: 19/30 levels left

rFire   . . .      SeeInvis .   F - +8 quarterstaff (drain)
rCold   + . .      Faith    .   (shield currently unavailable)
rNeg    + . .      Spirit   .   V - +2 robe {rC+}
rPois   .          Reflect  .   (helmet restricted)
rElec   .          Harm     .   (no cloak)
rCorr   .          Rampage  .   (gloves unavailable)
Will    +++..      NoTele   +   (boots unavailable)
Stlth   +.........              s - amulet of the acrobat
HPRegen 0.34/turn               d - ring of willpower
MPRegen 0.25/turn               M - ring "Cejatuow" {rN+ MP+9 AC+4 Int+2}

@: mighty
A: large, unfitting armour, tough skin 1, high MP 1, strong-willed 1
a: Renounce Religion, Recall Undead Harvest


You were in a Gauntlet.
You worshipped Yredelemnul.
Yredelemnul was aware of your devotion.
You visited 3 branches of the dungeon, and saw 18 of its levels.
You also visited: Gauntlet.

You collected 2077 gold pieces.

Inventory:

Hand Weapons
 D - a +7 dagger of protection
 E - a +2 vorpal hunting sling
 F - a +8 quarterstaff of draining (weapon)
 X - the +6 mace "Qeiso" {vorpal, Str+4}
   (You found it on level 3 of the Lair of Beasts)

   It inflicts extra damage upon your enemies.
   Str:       It affects your strength (+4).
Missiles
 a - 2 throwing nets
 l - 2 silver javelins
 B - 541 stones
Armour
 b - the -4 hat of Ruhempal {rElec Regen+ Str+4}
   (You found it in a Gauntlet)

   Str:       It affects your strength (+4).
   rElec:     It insulates you from electricity.
   Regen:     It increases your rate of health regeneration.
 V - a +2 robe of cold resistance (worn)
Jewellery
 d - a ring of willpower (left hand)
 s - an amulet of the acrobat (around neck)
 M - the ring "Cejatuow" (right hand) {rN+ MP+9 AC+4 Int+2}
   (You found it on level 9 of the Dungeon)

   [ring of protection]

   AC:        It affects your AC (+4).
   Int:       It affects your intelligence (+2).
   rN:        It protects you from negative energy.
   MP:        It affects your magic capacity (+9).
 P - a ring of wizardry
 S - a ring of willpower
 T - a ring of see invisible
 Z - a ring of ice
Wands
 h - a wand of acid (9)
 x - a wand of mindburst (1)
 G - a wand of digging (7)
 H - a wand of flame (34)
 O - a wand of paralysis (4)
 R - a wand of polymorph (2)
 W - a wand of charming (5)
 Y - a wand of iceblast (5)
Scrolls
 e - 2 scrolls of blinking
 k - 4 scrolls of enchant weapon
 m - 3 scrolls of fog
 p - a scroll of silence
 r - a scroll of teleportation
 v - 3 scrolls of immolation
 y - 2 scrolls of holy word
 I - 2 scrolls of torment {unknown}
 J - 2 scrolls of amnesia
 N - 2 scrolls of fear
 Q - 2 scrolls of enchant armour
 U - a scroll of magic mapping
Potions
 c - 3 potions of magic
 g - a potion of berserk rage
 i - 2 potions of heal wounds
 j - 3 potions of mutation
 n - 2 potions of lignification
 o - 3 potions of flight
 q - 2 potions of haste
 t - 2 potions of invisibility
 u - 2 potions of ambrosia
 w - 5 potions of brilliance
 z - 8 potions of curing
 A - 2 potions of cancellation
 L - a potion of might


   Skills:
 - Level 15.1 Fighting
 - Level 1.7 Dodging
 - Level 1.4 Stealth
 - Level 9.0 Spellcasting
 - Level 9.0 Conjurations
 - Level 0.8 Transmutations
 + Level 13.5 Earth Magic
 + Level 9.2 Invocations


You had 19 spell levels left.
You knew the following spells:

 Your Spells              Type           Power      Damage    Failure   Level
a - Sandblast             Erth           100%       2d20      1%          1
b - Stone Arrow           Conj/Erth      100%       3d13      1%          3
c - Passwall              Tmut/Erth      34%        N/A       1%          2
d - Lee's Rapid Deconstr  Erth           31%        3d17*     1%          5

Your spell library contained the following spells:

 Spells                   Type           Power      Damage    Failure   Level
 Conjure Flame            Conj/Fire      29%        6-21      3%          3
 Petrify                  Tmut/Erth      41%        N/A       3%          4
 Iskenderun's Battlesphe  Conj           49%        2d10      4%          5
 Pain                     Necr           36%        1d5       7%          1
 Summon Small Mammal      Summ           36%        N/A       7%          1
 Fulminant Prism          Conj/Hex       14%        3d9       11%         4
 Iskenderun's Mystic Bla  Conj/Tloc      29%        2d7       11%         4
 Sticky Flame             Conj/Fire      29%        2d5       11%         4
 Ignite Poison            Fire/Tmut/Pois 11%        N/A       19%         3
 Call Canine Familiar     Summ           9%         N/A       21%         3
 Summon Guardian Golem    Hex/Summ       9%         N/A       21%         3
 Fireball                 Conj/Fire      14%        3d8       28%         5
 Orb of Destruction       Conj           24%        9d9       80%         7
 Conjure Ball Lightning   Conj/Air       14%        3x3d6     85%         6
 Agony                    Necr           9%         N/A       88%         5
 Excruciating Wounds      Necr           4%         N/A       88%         5


Dungeon Overview and Level Annotations

Branches:
Dungeon (12/15)            Temple (1/1) D:7            Lair (6/6) D:10
  Swamp (0/4) Lair:2        Snake (0/4) Lair:2        Slime (0/5) Lair:6
    Orc (0/2) D:11        Gauntlet (1/1)

Altars:
Ashenzari
Cheibriados
Dithmenos
Elyvilon
Fedhas
Gozag
Hepliaklqana
Kikubaaqudgha
Makhleb
Nemelex Xobeh
Okawaru
Qazlal
Ru
Sif Muna
Trog
Uskayaw
Vehumet
Wu Jian
Xom
Yredelemnul
Zin
The Shining One
Jiyva

Annotations:
D:7 2 transporters Gauntlet 7 transporters


Innate Abilities, Weirdness & Mutations

You are too large for most types of armour.
You have tough skin. (AC +1)
You have an increased reservoir of magic. (+10% MP)
You are strong-willed. (Will+)


Message History

The death yak gores your death yak zombie!!
The death yak gores your death yak zombie!
Your death yak zombie is destroyed!
You barely miss the death yak.
The death yak is heavily wounded.
The death yak gores you!
* * * LOW HITPOINT WARNING * * *
You barely miss the death yak.
The death yak is heavily wounded.
You feel much better.
You bludgeon the death yak!!
You kill the death yak!
A black mist starts to gather...
Casting: Stone Arrow (safe; 1% risk of failure)
Confirm with . or Enter, or press ? or * to list all spells.
Aiming: Stone Arrow (safe; 1% risk of failure)
Press: ? - help, Shift-Dir - straight line, f - death yak
Aim: a death yak (moderately wounded, lightly drained, 92% to hit)
The stone arrow hits the death yak!!
The death yak is severely wounded.
The death yak closely misses you.
Casting: Stone Arrow (safe; 1% risk of failure)
Confirm with . or Enter, or press ? or * to list all spells.
Aiming: Stone Arrow (safe; 1% risk of failure)
Press: ? - help, Shift-Dir - straight line, f/p - death yak
Aim: a death yak (severely wounded, lightly drained, 92% to hit)
The stone arrow hits the death yak!
The death yak is severely wounded.
The death yak gores you!!
* * * LOW HITPOINT WARNING * * *
Casting: Stone Arrow (safe; 1% risk of failure)
Confirm with . or Enter, or press ? or * to list all spells.
Aiming: Stone Arrow (safe; 1% risk of failure)
Press: ? - help, Shift-Dir - straight line, f/p - death yak
Aim: a death yak (severely wounded, lightly drained, 92% to hit)
The stone arrow hits the death yak!
The death yak is almost dead.
The death yak seems less drained.
The death yak gores you!!
You die...
Your body rises from the dead as a mindless zombie.

#8#.....#.©.#....≈....#.©.
###..###########...######
#..#Y[##.....#...#....
###..#.##.###..#...#.#..
#8#..#"#.##.##.#...#..##
###..#.#.#.#.#.#...#..##.#
#..#.#.#©#.#.#...#....©.
###..#Y#.#.#.#.#...#..##.#
#8#..#Y##@##.#.#...#B.####
###..#p.##Y.##.#...#s#....
#..#..YYY##©##...#s..!©=
###..###########...#######
#8#............§§.........
###≈............§∩≈.......
########################
#8# #≈...............≈ ###
#8.8.8..©.©..8.8.8


You could see 2 death yaks.

Vanquished Creatures
  Fannar (Lair:3)
  3 hydras
  A rakshasa (D:9)
  The ghost of sirJeffrey23 the Martial Artist, a journeyman DsMo (D:11)
  A boulder beetle (Lair:6)
  A catoblepas (Lair:6)
  A two-headed ogre (D:12)
  4 death yaks
  Sonja (Lair:3)
  Amaemon (D:9)
  A bog body (Lair:2)
  Pikel (D:5)
  An orange crystal statue (Gauntlet)
  A necromancer (Gauntlet)
  2 cyclopes
  An ugly thing (D:11)
  5 elephants
  A black mamba (Lair:3)
  Joseph (D:7)
  9 cane toads
  An orange demon (D:9)
  An unseen horror (D:11)
  2 komodo dragons (Lair:1)
  4 kobold demonologists
  3 slime creatures (D:12)
  2 trolls
  Grinder (D:4)
  A dream sheep (Lair:6)
  Sigmund (D:4)
  2 wyverns
  9 yaks
  Eustachio (D:5)
  2 large abominations (Gauntlet)
  A vampire (D:12)
  A steam dragon (D:7)
  A vampire mosquito (D:12)
  Menkaure (D:4)
  Edmund (D:5)
  4 small abominations (Gauntlet)
  3 nagas (Lair:2)
  3 water moccasins
  An acid dragon (D:11)
  5 orc warriors
  6 black bears
  2 ice beasts
  3 ogres
  8 wolves
  4 centaurs
  A lemure (D:6)
  3 kobold brigands
  12 bullfrogs
  2 necrophages
  2 scorpions
  A gnoll sergeant (D:8)
  12 wights
  15 killer bees
  4 howler monkeys
  2 jellies
  A hound (D:4)
  2 gnoll shamans
  10 orc priests
  2 iguanas
  14 orc wizards
  7 adders
  17 gnolls
  A shadow imp (D:6)
  2 white imps
  2 worms
  2 dart slugs
  26 orcs
  5 bats
  3 endoplasms
  5 giant cockroaches
  9 hobgoblins
  6 jackals
  16 kobolds
  3 quokkas (D:1)
  2 training dummies (D:4)
  11 ball pythons
  3 frilled lizards
  A goblin (D:1)
316 creatures vanquished.

Vanquished Creatures (collateral kills)
  A bog body (Lair:2)
  A black mamba (Lair:1)
  5 cane toads
  A komodo dragon (Lair:3)
  5 slime creatures (D:12)
  2 dream sheep (Lair:3)
  12 yaks
  A steam dragon (Lair:3)
  3 vampire mosquitoes (D:12)
  A water moccasin (Lair:3)
  A black bear (D:10)
  5 wolves
  A bullfrog (D:10)
  3 killer bees
  A howler monkey (D:10)
  A jelly (D:6)
  An orc wizard (D:9)
  3 orcs
  2 kobolds
50 creatures vanquished.

Vanquished Creatures (others)
  2 spectral slime creatures (D:12)
  A death yak zombie (Gauntlet)
  A hydra zombie (D:12)
  A cane toad zombie (Lair:1)
  An elephant zombie (Lair:3)
  2 water moccasin zombies
  2 yak zombies (D:10)
  3 wolf zombies (Lair:3)
  3 bullfrog zombies
  2 centaur zombies (D:9)
  A black bear zombie (D:10)
  6 killer bee zombies
  An ogre zombie (D:7)
  An acid dragon zombie (D:11)
  7 kobold zombies
  10 orc zombies
  48 fungi
  36 plants
128 creatures vanquished.

Grand Total: 494 creatures vanquished

Notes
Turn   | Place    | Note
-------+----------+-------------------------------------------
     0 | D:1      | zishaf the Ogre Earth Elementalist began the quest for the
                  | Orb.
     0 | D:1      | Reached XP level 1. HP: 16/16 MP: 3/3
   189 | D:1      | Reached skill level 1 in Fighting
   189 | D:1      | Reached XP level 2. HP: 27/27 MP: 1/5
   192 | D:1      | Learned a level 2 spell: Passwall
   861 | D:1      | Found a faded altar of an unknown god.
  1227 | D:2      | Reached XP level 3. HP: 35/35 MP: 7/7
  1231 | D:2      | Learned a level 3 spell: Stone Arrow
  1462 | D:2      | Found a hazy altar of Hepliaklqana.
  1561 | D:2      | Reached skill level 2 in Fighting
  2201 | D:3      | Reached XP level 4. HP: 44/44 MP: 7/9
  2245 | D:3      | Reached skill level 1 in Conjurations
  2671 | D:3      | Reached XP level 5. HP: 18/52 MP: 3/10
  3184 | D:3      | Reached skill level 3 in Fighting
  4160 | D:4      | Reached XP level 6. HP: 58/61 MP: 5/12
  4487 | D:4      | Reached skill level 4 in Fighting
  4554 | D:4      | Noticed Menkaure
  4556 | D:4      | Killed Menkaure
  4557 | D:4      | Reached XP level 7. HP: 71/71 MP: 9/13
  4694 | D:4      | Noticed Grinder
  4734 | D:3      | Reached skill level 5 in Fighting
  5130 | D:4      | Noticed Sigmund
  5192 | D:5      | Entered Level 5 of the Dungeon
  5208 | D:4      | Killed Sigmund
  5275 | D:5      | Identified a scroll of acquirement
  5275 | D:5      | Acquired 1244 gold pieces
  5488 | D:4      | Killed Grinder
  5489 | D:4      | Reached skill level 6 in Fighting
  5489 | D:4      | Reached skill level 5 in Earth Magic
  5489 | D:4      | Reached XP level 8. HP: 55/83 MP: 0/14
  5666 | D:5      | Noticed Edmund
  5671 | D:5      | Killed Edmund
  5891 | D:5      | Reached skill level 7 in Fighting
  6836 | D:5      | Reached skill level 5 in Conjurations
  6882 | D:5      | Noticed Eustachio
  6915 | D:5      | Killed Eustachio
  7087 | D:5      | Reached skill level 8 in Fighting
  7087 | D:5      | Reached XP level 9. HP: 85/96 MP: 15/15
  7752 | D:6      | Noticed Pikel
  8134 | D:5      | Killed Pikel
  8135 | D:5      | Reached skill level 9 in Fighting
  9264 | D:7      | Found a transporter.
  9586 | D:7      | Reached skill level 10 in Fighting
  9605 | D:7      | Noticed a +0 falchion
  9605 | D:7      | Noticed a +0 falchion
  9606 | D:7      | Noticed a +0 spear
  9606 | D:7      | Noticed a +0 dagger
  9607 | D:7      | Noticed a +0 spear
  9607 | D:7      | Noticed a +0 short sword
  9607 | D:7      | Noticed a +0 short sword
  9608 | D:7      | Found a hide-covered altar of Uskayaw.
  9608 | D:7      | Noticed a +0 dagger
  9661 | D:7      | Found a staircase to the Ecumenical Temple.
  9670 | Temple   | Entered the Ecumenical Temple
  9924 | Temple   | Became a worshipper of Yredelemnul the Dark
  9983 | D:7      | Reached XP level 10. HP: 110/110 MP: 12/16
 10028 | D:7      | Noticed a cyclops
 10236 | D:7      | Noticed Joseph
 10546 | D:7      | Found a transporter.
 10566 | D:7      | Reached * piety under Yredelemnul
 10591 | D:6      | Killed a cyclops
 11505 | D:7      | Killed Joseph
 11611 | D:7      | Reached skill level 11 in Fighting
 13001 | D:8      | Reached ** piety under Yredelemnul
 13385 | D:9      | Identified the ring "Cejatuow" {rN+ MP+9 AC+4 Int+2}
 13745 | D:9      | Noticed Amaemon
 13745 | D:9      | Noticed an orange demon
 13786 | D:10     | Entered Level 10 of the Dungeon
 14041 | D:10     | Reached skill level 12 in Fighting
 14053 | D:10     | Reached XP level 11. HP: 86/123 MP: 4/17
 14190 | D:10     | Reached *** piety under Yredelemnul
 14782 | D:10     | You fall into a shaft and drop 2 floors!
 14795 | D:12     | Noticed a six-headed hydra
 14812 | D:12     | Killed a six-headed hydra
 15136 | D:12     | Learned a level 5 spell: Lee's Rapid Deconstruction
 15458 | D:10     | Reached skill level 13 in Fighting
 15685 | D:10     | Reached skill level 5 in Spellcasting
 16115 | D:10     | Found a staircase to the Lair.
 16328 | D:9      | Noticed a rakshasa
 16346 | D:9      | Reached skill level 10 in Earth Magic
 16366 | D:9      | HP: 6/127 [rakshasa/+0 trident (2)]
 16367 | D:9      | Killed a rakshasa
 17086 | D:9      | Killed Amaemon
 18144 | D:11     | Found a staircase to the Orcish Mines.
 18168 | D:11     | Reached XP level 12. HP: 133/137 MP: 21/21
 18250 | D:11     | Reached skill level 14 in Fighting
 18662 | D:11     | Noticed sirJeffrey23's ghost (journeyman DsMo)
 18802 | D:11     | Found a runed translucent door.
 19031 | D:11     | Killed sirJeffrey23's ghost
 19452 | D:12     | Noticed a five-headed hydra
 19458 | D:12     | Killed a five-headed hydra
 19878 | D:12     | Noticed a two-headed ogre
 19890 | D:12     | Killed a two-headed ogre
 20242 | Lair:1   | Entered Level 1 of the Lair of Beasts
 20566 | Lair:1   | Reached skill level 15 in Fighting
 20742 | Lair:1   | Reached **** piety under Yredelemnul
 20934 | Lair:1   | Reached ***** piety under Yredelemnul
 20949 | Lair:1   | Reached skill level 1 in Invocations
 21728 | Lair:2   | Found a staircase to the Snake Pit.
 22379 | Lair:2   | Reached XP level 13. HP: 149/149 MP: 26/26
 22385 | Lair:2   | Found a staircase to the Swamp.
 23222 | Lair:3   | Noticed Sonja
 23225 | Lair:3   | Killed Sonja
 23226 | Lair:3   | Reached skill level 5 in Invocations
 23243 | Lair:3   | Your ally Sonja died
 24245 | Lair:3   | Identified the +6 mace "Qeiso" {vorpal, Str+4}
 24265 | Lair:3   | Gained mutation: You occasionally shout uncontrollably at
                  | your foes. [potion of mutation]
 24266 | Lair:3   | Lost mutation: You occasionally shout uncontrollably at
                  | your foes. [potion of mutation]
 24266 | Lair:3   | Gained mutation: You are strong-willed. (Will+) [potion of
                  | mutation]
 24266 | Lair:3   | Gained mutation: You have an increased reservoir of magic.
                  | (+10% MP) [potion of mutation]
 25517 | Lair:3   | Noticed Fannar
 25530 | Lair:3   | Killed Fannar
 25922 | Lair:3   | You fall into a shaft and drop 3 floors!
 25922 | Lair:6   | Entered Level 6 of the Lair of Beasts
 25922 | Lair:6   | Found a staircase to the Slime Pits.
 25922 | Lair:6   | Found a viscous altar of Jiyva.
 26219 | Lair:5   | Found a gate leading to a gauntlet.
 26244 | Gauntlet | Entered a Gauntlet
 26244 | Gauntlet | Found a transporter.
 26244 | Gauntlet | Found a transporter.
 26246 | Gauntlet | Found a transporter.
 26288 | Gauntlet | Found a transporter.
 26289 | Gauntlet | Found a transporter.
 26289 | Gauntlet | Found a transporter.
 26310 | Gauntlet | Found a transporter.
 26314 | Gauntlet | Found a transporter.
 26315 | Gauntlet | Found a transporter.
 26315 | Gauntlet | Found a transporter.
 26326 | Gauntlet | Found a transporter.
 26333 | Gauntlet | Found a transporter.
 26344 | Gauntlet | Noticed an entropy weaver
 26675 | Gauntlet | Identified the -4 hat of Ruhempal {rElec Regen+ Str+4}
 26771 | Gauntlet | Mangled by a death yak

Illustrated notes

Levels and vault maps discovered:
D:1:      psy_arrival_dodecagon, layout_basic,
          hellmonk_ecumenical_altar_zigzags, minmay_close_crescents
D:2:      layout_basic, basic_altar
D:3:      layout_loops_cross, kennysheep_potato
D:4:      dreamdust_elfheim, layout_basic, uniq_grinder, uniq_menkaure,
          uniq_sigmund
D:5:      layout_basic, uniq_edmund, uniq_eustachio
D:6:      layout_basic, uniq_pikel
D:7:      gammafunk_steamed_eel, layout_gridville, nicolae_uskayaw_en_pointe,
          minmay_temple_entry_poolview, uniq_joseph
D:8:      layout_loops_ring
D:9:      layout_loops_ring, uniq_amaemon
D:10:     layout_small_grid, grunt_lair_entry_orc_guard_hut
D:11:     layout_small_grid, orc_0_dummy, hellmonk_ghost_happy_afterlife
D:12:     layout_grid_maze
Temple:   minmay_crystal_snake_temple
Lair:1:   layout_regular_city, lemuel_fruit_fields, lemuel_fruit_tree
Lair:2:   layout_cave_pods, skrybe_swamp_entry_bodies,
          minmay_snake_entry_guardpost_small, chequers_serial_rivers_marsh,
          beast_lair_carwin_2, serial_bayou_shore_b, serial_bayou_shore_b,
          serial_bayou_shore_b, infiniplex_staircase_pool_2
Lair:3:   layout_roguey, grunt_megastairs_2, uniq_fannar, uniq_sonja
Lair:5:   layout_layer_cave, gauntlet_entry_generic, special_room
          [special_room_bee]
Lair:6:   guppyfry_lair_end_dragon, layout_regular_city,
          hangedman_lair_in_review, slime_altar_1
Gauntlet: gammafunk_gauntlet_hard_choice [nicolae_gauntlet_arena_x,
          gammafunk_gauntlet_arena_split_x, nicolae_gauntlet_arena_quarters,
          nicolae_gauntlet_arena_flowing_pool, gammafunk_gauntlet_arena_spirals,
          nicolae_gauntlet_arena_blocks, gauntlet_exit_green]

Skill      XL: |  1  2  3  4  5  6  7  8  9 10 11 12 13 |
---------------+----------------------------------------+-----
Fighting       | 1 2 3 4 6 8 10 12 13 15 | 15.1
Earth Magic    | 3 4 5 6 7 9 10 11 13 | 13.5
Spellcasting   | 3 4 6 9 |  9.0
Conjurations   | 1 2 4 5 6 8 9 |  9.0
Invocations    | 3 9 |  9.2
Dodging        | |  1.7
Stealth        | |  1.4
Transmutations | |  0.8

Action                   |  1- 3 |  4- 6 |  7- 9 | 10-12 | 13-15 || total
-------------------------+-------+-------+-------+-------+-------++-------
Melee: Unarmed           |     1 |       |       |       |       ||     1
       Short sword       |    29 |   123 |       |       |       ||   152
       Dagger            |       |     9 |   219 |    27 |       ||   255
       Punch             |       |       |     2 |       |       ||     2
       Quarterstaff      |       |       |       |   308 |    83 ||   391
 Cast: Sandblast         |    47 |     7 |    14 |    30 |     8 ||   106
       Stone Arrow       |       |    19 |    61 |   101 |   111 ||   292
       Passwall          |       |       |     1 |       |       ||     1
       Lee's Rapid Decon |       |       |       |    17 |     6 ||    23
Invok: Recall Undead Har |       |       |       |     3 |       ||     3
       Dark Bargain      |       |       |       |     2 |     1 ||     3
Evoke: Wand              |       |       |     1 |    11 |       ||    12
  Use: Scroll            |       |       |    19 |     5 |     9 ||    33
       Potion            |       |       |       |       |     5 ||     5
 Stab: Sleeping          |     2 |       |       |     1 |       ||     3
       Paralysed         |       |       |     2 |     6 |       ||     8
       Distracted        |       |       |       |     1 |       ||     1
Armor: Robe              |     8 |    47 |   129 |   175 |    79 ||   438
Dodge: Dodged            |     8 |    87 |   131 |   329 |   166 ||   721

Table legend: (Time is in decaauts)
 A = Elapsed time spent in this place.
 B = Non-inter-level travel time spent in this place.
 C = Inter-level travel time spent in this place.
 D = Time resting spent in this place.
 E = Time spent auto-exploring this place.
 F = Levels seen in this place.
 G = Mean time per level.
                   A        B        C        D        E       F      G
               +--------+--------+--------+--------+--------+-----+--------+
         Total |  27510 |  26376 |   1134 |   8790 |  12872 |  19 | 1447.9 |
       Dungeon |  20445 |  19612 |    833 |   6214 |  10136 |  12 | 1703.8 |
        Temple |    284 |    210 |     74 |      0 |    177 |   1 |  284.0 |
          Lair |   6245 |   6018 |    227 |   2290 |   2558 |   5 | 1249.0 |
      Gauntlet |    534 |    534 |      0 |    286 |      0 |   1 |  534.0 |
               +--------+--------+--------+--------+--------+-----+--------+

Top non-repeatable levels by time:
  Lair:2: 2892 daAuts
     D:6: 2306 daAuts
     D:9: 2212 daAuts
    D:10: 1943 daAuts
     D:5: 1932 daAuts
     D:3: 1931 daAuts
    D:12: 1649 daAuts
     D:4: 1642 daAuts
    D:11: 1618 daAuts
     D:7: 1534 daAuts
  Lair:1: 1531 daAuts
  Lair:3: 1500 daAuts
     D:2: 1290 daAuts
     D:8: 1211 daAuts
     D:1: 1172 daAuts
